 Dungeon Crawl Stone Soup version 0.15.0-23-gc2b521c (console) character file.

154 gw the Ruffian (level 5, -6/53 HPs)
             Began as a Troll Monk on Sept 10, 2014.
             Mangled by Sigmund
             ... wielding a +0 scythe
              (11 damage)
             ... on Level 3 of the Dungeon.
             The game lasted 00:01:59 (2051 turns).

gw the Ruffian (Troll Monk)                         Turns: 2051, Time: 00:01:59

HP  -6/53        AC  6     Str 19      XL: 5   Next: 13%
MP   2/2         EV 11     Int  6      God:
Gold 0           SH  0     Dex 13      Spells:  0 memorised,  4 levels left

rFire  . . .     SeeInvis .       - Unarmed
rCold  . . .     Clarity  .     a - +1 robe
rNeg   . . .     rCorr    .     (shield restricted)
rPois  .         rRot     .     (helmet restricted)
rElec  .         Spirit   .     (no cloak)
SustAb .         Warding  .     (gloves unavailable)
rMut   .         Stasis   .     (boots unavailable)
Gourm  +                        (no amulet)
MR     .....                    (no ring)
                                (no ring)

@: confused, not resistant to hostile enchantments, very unstealthy
A: unfitting armour, claws 3, fast metabolism 3, gourmand, mutation resistance
1, regeneration 2, saprovore 2, shaggy fur 1, tough skin 2
a: no special abilities


You were on level 3 of the Dungeon.
You were very full.

You visited 1 branch of the dungeon, and saw 3 of its levels.

Inventory:

Missiles
 j - 52 stones (quivered)
Armour
 a - a +1 robe (worn)
Magical devices
 k - a wand of digging (13)
Comestibles
 b - 3 meat rations
 d - a slice of pizza
 g - a royal jelly
 i - 2 chunks of orc flesh
Scrolls
 f - a scroll of identify
 h - a scroll of remove curse
 n - a scroll of fog
Potions
 c - a potion of heal wounds {unknown}


   Skills:
 + Level 3.0 Fighting
 + Level 1.6 Throwing
 + Level 3.0 Dodging
 - Level 1.1 Stealth
 * Level 5.1 Unarmed Combat


You had 4 spell levels left.
You didn't know any spells.

Dungeon Overview and Level Annotations

Branches:
Dungeon (3/15)

Altars:

Annotations:
D:3 Grinder, Sigmund


Innate Abilities, Weirdness & Mutations

You are too large for most types of armour.
You have claws for hands.
Your metabolism is lightning-fast.
You like to eat raw meat.
You heal very quickly.
You can eat rotten meat.
You are covered in fur (AC +1).
You have very tough skin (AC +2).
You are somewhat resistant to further mutation.


Message History

Grinder is moderately wounded.
Grinder gestures at you. Pain shoots through your body!
ATTACK MOVE TO (-1,0) Ouch!
Something hits you. Grinder misses you.
ATTACK MOVE TO (-1,0)
You claw Grinder!
Grinder is heavily wounded.
Something hits you.
ATTACK MOVE TO (-1,0) Ouch!
Grinder zaps a wand.
The magic dart hits you! ATTACK MOVE TO (-1,0) Grinder hits you.
You writhe in agony.
Something hits you.
You see here 17 stones.
ATTACK MOVE TO (-1,0)
You scratch Grinder.
Grinder is heavily wounded.
Grinder says, "Wait up."
Grinder zaps a wand.
The magic dart hits you! Something hits you!
You die...

#######.#
#..5T...#
########
#.#######
#......#
#.#
#.####.#
#.# ###.#
#.# #.#
..#%# #.#
#.# ..#.#
#.####.#
..#.#
#......#
.##.#
########


You could see Grinder.

Table legend:
 A = Turns spent in this place as a percentage of turns spent in the entire game.
 B = Non-inter-level travel turns spent in this place as a percentage of non-inter-level travel turns spent in the entire game.
 C = Inter-level travel turns spent in this place as a percentage of turns spent in this place.
 D = Turns resting spent in this place as a percentage of non-inter-level travel turns spent in this place.
 E = Turns spent auto-exploring this place as a percentage of non-inter-level travel turns spent in this place.
 F = Non-inter-level travel turns spent in this place divided by the number of levels of this place that you've seen.
                   A       B       C       D       E      F
               +-------+-------+-------+-------+-------+----------------------
         Total | 100.0 | 100.0 |   3.0 |   2.6 |   9.5 | 347.3
       Dungeon | 100.0 | 100.0 |   3.0 |   2.6 |   9.5 | 347.3
               +-------+-------+-------+-------+-------+----------------------

Table legend:
 A = Kills in this place as a percentage of kills in entire the game.
 B = Kills by you in this place as a percentage of kills by you in the entire game.
 C = Kills by friends in this place as a percentage of kills by friends in the entire game.
 D = Other kills in this place as a percentage of other kills in the entire game.
 E = Experience gained in this place as a percentage of experience gained in the entire game.
 F = Experience gained in this place divided by the number of levels of this place that you have seen.
                   A       B       C       D       E      F
               +-------+-------+-------+-------+-------+----------------------
         Total | 100.0 | 100.0 |  -nan |  -nan | 100.0 |  73.3
       Dungeon | 100.0 | 100.0 |  -nan |  -nan | 100.0 |  73.3
               +-------+-------+-------+-------+-------+----------------------

Vanquished Creatures
  An orc priest (D:3)
  Natasha (D:3)
  Jessica (D:2)
  2 adders
  A gnoll (D:1)
  A worm (D:2)
  4 giant geckos
  3 orcs (D:3)
  3 goblins
  11 hobgoblins
  7 bats
  4 giant newts
  6 kobolds
  A rat (D:2)
46 creatures vanquished.

Notes
Turn   | Place    | Note
--------------------------------------------------------------
     0 | D:1      | gw, the Troll Monk, began the quest for the Orb.
     0 | D:1      | Reached XP level 1. HP: 22/22 MP: 1/1
   268 | D:1      | Reached XP level 2. HP: 29/29 MP: 1/1
   850 | D:2      | Reached XP level 3. HP: 29/36 MP: 2/2
   950 | D:2      | Noticed Jessica
   954 | D:2      | Killed Jessica
   954 | D:2      | Reached skill level 1 in Throwing
  1164 | D:2      | Reached XP level 4. HP: 33/44 MP: 2/2
  1677 | D:2      | Gained mutation: You are somewhat resistant to further mutation. [potion of mutation]
  1883 | D:3      | Reached skill level 5 in Unarmed Combat
  1954 | D:3      | Noticed Natasha
  1960 | D:3      | Killed Natasha
  1960 | D:3      | Reached XP level 5. HP: 49/53 MP: 2/2
  2026 | D:3      | Noticed Grinder
  2028 | D:3      | Noticed Sigmund
  2051 | D:3      | Mangled by Sigmund

Action                   |  1- 3 |  4- 6 || total
-------------------------+-------+-------++-------
Melee: Unarmed           |    67 |    34 ||   101
Throw: Stone             |    60 |    71 ||   131
Evoke: Wand              |       |     1 ||     1
  Use: Scroll            |     3 |     4 ||     7
       Potion            |     2 |     5 ||     7
 Stab: Invisible         |       |     1 ||     1
  Eat: Chunk             |    16 |     8 ||    24

Vault maps used:
D:1:      roderic_dead_forest, dk_noncrumbling_4
D:2:      minivault_5, uniq_jessica
D:3:      uniq_grinder, uniq_sigmund, uniq_natasha
